 Dungeon Crawl Stone Soup version 0.31-a0-210-gccc998df9b (webtiles) character file.

Game seed: 11259171552229631529

373 Dittersdorf the Covered (level 6, -1/40 HPs)
             Began as a Gargoyle Fighter on June 29, 2023.
             Slain by an ogre
             ... wielding a +0 giant spiked club
              (12 damage)
             ... on level 4 of the Dungeon.
             The game lasted 00:03:59 (2431 turns).

Dittersdorf the Covered (Gargoyle Fighter)          Turns: 2431, Time: 00:04:00

Health: -1/40      AC: 17    Str: 22    XL:     6   Next: 71%
Magic:  6/6        EV:  8    Int:  8    God:
Gold:   183        SH:  4    Dex:  9    Spells: 5/5 levels left

rFire   . . .        a - +0 flail
rCold   . . .        c - +0 buckler
rNeg    + . .        t - +1 chain mail
rPois   ∞            (no helmet)
rElec   +            h - +0 cloak
rCorr   +            i - +0 pair of gloves
SInv    .            (no boots)
Will    .....        (no amulet) Stlth
                     v - ring of resist corrosion
HPRegen 0.26/turn    (no ring)
MPRegen 0.10/turn

%: no passive effects
@: no status effects
A: sickness immunity, AC +4, negative energy resistance 1, electricity
resistance, torment resistance 1, petrification resistance
a: no special abilities


You were on level 4 of the Dungeon.
You visited 1 branch of the dungeon, and saw 4 of its levels.

You collected 183 gold pieces.

Inventory:

Hand Weapons
 a - a +0 flail (weapon)
Armour
 c - a +0 buckler (worn)
 h - a +0 cloak (worn)
 i - a +0 pair of gloves (worn)
 t - a +1 chain mail (worn)
Jewellery
 v - a ring of resist corrosion (left hand)
Scrolls
 q - a scroll of fog
 w - 2 scrolls of teleportation
Potions
 b - a potion of mutation {unknown}
 d - 2 potions of might
 e - 2 potions of attraction {unknown}
 f - a potion of magic {unknown}
 g - a potion of cancellation
 j - 5 potions of curing {unknown}
 k - 2 potions of brilliance {unknown}
 l - a potion of heal wounds


   Skills:
 + Level 4.8 Fighting
 + Level 3.8 Maces & Flails
 + Level 4.9 Armour
 + Level 4.8 Shields


You had 5 spell levels left.
You didn't know any spells.
Your spell library contained the following spells:

 Spells                   Type           Power      Damage    Failure   Level
 Magic Dart               Conj           0%         1d3       97%         1
 Slow                     Hex            0%         N/A       97%         1
 Searing Ray              Conj           0%         2d4       99%         2
 Confusing Touch          Hex            0%         N/A       100%        3
 Ozocubu's Armour         Ice            0%         N/A       100%        3
 Vampiric Draining        Necr           0%         2d6       100%        3
 Fulminant Prism          Conj/Hex       0%         3d5       100%        4
 Metabolic Englaciation   Hex/Ice        0%         N/A       100%        5
 Simulacrum               Ice/Necr       0%         N/A       100%        6


Dungeon Overview and Level Annotations

Branches:
Dungeon (4/15)
 Temple: D:4-7

Altars:
Dithmenos
Kikubaaqudgha
Qazlal


Innate Abilities, Weirdness & Mutations

You are immune to sickness and miasma.
Your stone body is resilient. (AC +4)
You are immune to poison.
You resist negative energy. (rN+)
You are resistant to electric shocks. (rElec)
You are resistant to unholy torment.
You are immune to petrification.


Message History

There is an escape hatch in the ceiling here.
A mysterious force pulls you upwards. The hatch slams shut behind you.
(D) Dungeon
Where to? (Enter - D:4 @ (x,y), ? - help)
What level of the Dungeon? (default 1, ? - help)
There is a stone staircase leading down here.
You climb downwards.
Found 38 gold pieces.
There is a stone staircase leading up here.
You now have 183 gold pieces (gained 18).
An ogre comes into view. It is wielding a +0 giant spiked club.
The ogre shouts!
The ogre hits you with a +0 giant spiked club!
You barely miss the ogre.
The ogre hits you with a +0 giant spiked club!
You are too injured to fight recklessly!
You are too injured to fight recklessly!
You are too injured to fight recklessly!
You are too injured to fight recklessly!
You are too injured to fight recklessly!
You are too injured to fight recklessly!
You are too injured to fight recklessly!
You are too injured to fight recklessly!
You are too injured to fight recklessly!
You are too injured to fight recklessly!
You are too injured to fight recklessly!
You are too injured to fight recklessly!
You are too injured to fight recklessly!
You are too injured to fight recklessly!
You are too injured to fight recklessly!
You are too injured to fight recklessly!
You are too injured to fight recklessly!
You barely miss the ogre. You barely miss the ogre.
The ogre hits you with a +0 giant spiked club!
* * * LOW HITPOINT WARNING * * *
You hit the ogre.
The ogre is lightly wounded.
The ogre hits you with a +0 giant spiked club!
You die...

,,*#.....>##...##.....##>.....#..
,,..............#.............#..
,,....(.........'.............#..
,,###...#########.######..##..##.
,,**#...####..######..###'##..##.
,,,*,,,,......#....[...........#.
,,,+,,,,,.....#......^.........#.
*+**#.,,**#..#*#O###..######..###
,,,##...###..###@###..#*,,##..###
,,,#......<.............,,#....#.
,,,#...........$........,,+....'.
,,*########.###.#######.,*##..###
,,***,,***#.#*#.#**,,**,,*##..###
,,,+,,,,*,...,...*,,,,,,,,#....#.
,,,*,,,,*........#,,,,,,,,#....#.
,,,*,,,,#........#,,,,,,,,#....#.
,,,*,,,,#........#,,,,,,,,#....+.


You could see an ogre.

Vanquished Creatures
  A black bear (D:3)
  An ogre (D:3)
  A scorpion (D:4)
  A howler monkey (D:4)
  An orc wizard (D:2)
  2 adders
  A dart slug (D:1)
  4 orcs (D:2)
  7 ball pythons
  6 endoplasms
  A giant cockroach (D:2)
  A goblin (D:2)
  7 hobgoblins
  2 jackals (D:2)
  A quokka (D:2)
  8 bats
  A frilled lizard (D:2)
  5 kobolds
  4 rats
55 creatures vanquished.

Notes
Turn   | Place    | Note
-------+----------+-------------------------------------------
     0 | D:1      | Dittersdorf the Gargoyle Fighter began the quest for the
                  | Orb.
     0 | D:1      | Reached XP level 1. HP: 14/14 MP: 1/1
   236 | D:1      | Found a faded altar of an unknown god.
   241 | D:1      | Reached XP level 2. HP: 18/19 MP: 2/2
   659 | D:2      | Reached XP level 3. HP: 23/23 MP: 3/3
  1291 | D:2      | Reached XP level 4. HP: 29/29 MP: 4/4
  1513 | D:3      | Noticed an ogre
  1524 | D:3      | Killed an ogre
  1525 | D:3      | Reached XP level 5. HP: 33/33 MP: 5/5
  1673 | D:3      | Found a stormy altar of Qazlal.
  1860 | D:3      | Found an ancient bone altar of Kikubaaqudgha.
  2025 | D:4      | Noticed a black bear
  2037 | D:3      | Killed a black bear
  2038 | D:3      | Reached XP level 6. HP: 31/39 MP: 6/6
  2139 | D:4      | Found a shadowy altar of Dithmenos.
  2431 | D:4      | Slain by an ogre

Illustrated notes

Levels and vault maps discovered:
D:1:      elethiomel_arrival_shortcut, layout_basic, basic_ecumenical_altar,
          serial_bayou_pond_e, hex_large
D:2:      layout_rooms, minmay_increasing_density
D:3:      layout_loops_cross, kiku_gazebo_pond_becter,
          nicolae_qazlal_eye_of_the_storm
D:4:      layout_gridville, mainiacjoe_overflow_paths

Skill      XL: |  1  2  3  4 |
---------------+-------------+-----
Armour         | 4 |  4.9
Shields        | 4 |  4.8
Fighting       | 4 |  4.8
Maces & Flails | 3 |  3.8

Action                     |  1- 3 |  4- 6 || total
---------------------------+-------+-------++-------
  Melee: Flail             |   122 |    89 ||   211
    Use: Scroll            |       |    13 ||    13
         Potion            |       |     1 ||     1
 Armour: Scale mail        |    59 |       ||    59
         Chain mail        |    10 |    72 ||    82
  Dodge: Dodged            |    67 |    30 ||    97
  Block: Buckler           |    37 |    15 ||    52

Table legend: (Time is in decaauts)
 A = Elapsed time spent in this place.
 B = Non-inter-level travel time spent in this place.
 C = Inter-level travel time spent in this place.
 D = Time resting spent in this place.
 E = Time spent auto-exploring this place.
 F = Levels seen in this place.
 G = Mean time per level.
                   A        B        C        D        E       F      G
               +--------+--------+--------+--------+--------+-----+--------+
         Total |   2498 |   2361 |    137 |    170 |   1539 |   4 |  624.5 |
       Dungeon |   2498 |   2361 |    137 |    170 |   1539 |   4 |  624.5 |
               +--------+--------+--------+--------+--------+-----+--------+

Top non-repeatable levels by time:
     D:2: 903 daAuts
     D:3: 739 daAuts
     D:1: 484 daAuts
     D:4: 370 daAuts
